 Dungeon Crawl Stone Soup version 0.29-a0-96-g93358da72b (webtiles) character file.

Game seed: 2975943752599495917

27 drugrobin the Poker (level 2, -1/24 HPs)
             Began as a Demigod Warper on Feb 12, 2022.
             Killed from afar by Terence (10 damage)
             ... with a puff of flame
             ... on level 2 of the Dungeon.
             The game lasted 00:02:01 (1353 turns).

drugrobin the Poker (Demigod Warper)                Turns: 1353, Time: 00:02:01

Health: -1/24      AC:  3    Str: 12    XL:     2   Next: 72%
Magic:  7/7        EV: 11    Int: 15    God:
Gold:   14         SH:  0    Dex: 13    Spells: 4/4 levels left

rFire   . . .      SeeInvis .   a - +0 spear
rCold   . . .      Faith    .   (no shield)
rNeg    . . .      Spirit   .   b - +0 leather armour
rPois   .          Reflect  .   (no helmet)
rElec   .          Harm     .   (no cloak)
rCorr   .          Rampage  .   (no gloves)
Will    .....                   (no boots)
Stlth   +.........              (no amulet)
HPRegen 0.08/turn               (no ring)
MPRegen 0.10/turn               (no ring)

@: no status effects
A: high MP 1, forlorn, divine attributes
a: no special abilities


You were on level 2 of the Dungeon.
You visited 1 branch of the dungeon, and saw 2 of its levels.

You collected 14 gold pieces.

Inventory:

Hand Weapons
 a - a +0 spear (weapon)
Missiles
 d - 5 boomerangs of dispersal (quivered)
 e - 49 sling bullets
 f - 5 boomerangs
Armour
 b - a +0 leather armour (worn)
Scrolls
 c - a scroll of blinking
 g - a scroll of fog {unknown}
 h - a scroll of vulnerability {unknown}


   Skills:
 + Level 1.8 Fighting
 * Level 3.1 Polearms
 - Level 0.8 Throwing
 - Level 0.8 Armour
 - Level 1.7 Dodging
 - Level 1.7 Spellcasting
 - Level 2.6 Translocations


You had 4 spell levels left.
You didn't know any spells.
Your spell library contained the following spells:

 Spells                   Type           Power      Damage    Failure   Level
 Blink                    Tloc           18%        N/A       14%         2
 Gell's Gravitas          Tloc           9%         N/A       28%         3
 Lesser Beckoning         Tloc           9%         N/A       28%         3
 Teleport Other           Tloc           9%         N/A       28%         3
 Manifold Assault         Tloc           9%         N/A       95%         5


Dungeon Overview and Level Annotations

Branches:
Dungeon (2/15)

Annotations:
D:2 Terence


Innate Abilities, Weirdness & Mutations

You have an increased reservoir of magic. (+10% MP)
You shall have no god before yourself.
Your divine heritage dramatically boosts your attributes as you level up.


Message History

You open the door.
There is an open door here.
You open the door.
There is an open door here.
As you open the large door, it creaks loudly!
Found a spear.
There is a large open door here.
There is a large open door here.
You see here a hobgoblin corpse.
There is an open door here.
Done exploring.
Search for what [Enter for "sling", or ? for help]? spear Done exploring.
Done exploring.
Search for what [Enter for "spear", or ? for help]? pole Done exploring.
Done exploring.
There is a stone staircase leading down here.
You climb downwards.
There is a stone staircase leading up here.
Found a leather armour.
Terence the Incautious comes into view.
He is wielding a +0 mace and carrying a wand of flame (19).
Reach: a) +0 spear
Press: ? - help, Dir - move target, f - Terence
Aim: Terence, wielding a +0 mace, wearing a +0 scale mail and carrying a wand of flame (19) (asleep, about 2% to evade your +0 spear)
You reach to attack!
The helpless Terence fails to defend himself.
You hit Terence.
Terence is lightly wounded.
Reach: a) +0 spear
Press: ? - help, Dir - move target, f/p - Terence
Aim: Terence, wielding a +0 mace, wearing a +0 scale mail and carrying a wand of flame (19) (lightly wounded, about 36% to evade your +0 spear)
Okay, then.
Terence zaps a wand.
The puff of flame misses you.
Terence zaps a wand.
The puff of flame hits you! Terence says, "Did you write a will?
You should..."
Terence zaps a wand.
The puff of flame hits you! Terence says, "How do you enjoy it?"
Terence zaps a wand.
The puff of flame hits you!
You die...

#...# .# #...#
.# #...# .#
#.@.# .# #...#
.# #...# .#
#######.#######
#.....@.....[..
#@####.########
#....#.#
#..#.#.#
#..#<#.#
#..###.# #...
#.# ######.#


You could see Terence.

Vanquished Creatures
  A dart slug (D:1)
  A ball python (D:1)
  2 bats (D:1)
  3 endoplasms (D:1)
  4 goblins (D:1)
  A hobgoblin (D:1)
  2 quokkas (D:1)
  3 frilled lizards (D:1)
  3 kobolds (D:1)
  2 rats (D:1)
22 creatures vanquished.

Notes
Turn   | Place    | Note
-------+----------+-------------------------------------------
     0 | D:1      | drugrobin the Demigod Warper began the quest for the Orb.
     0 | D:1      | Reached XP level 1. HP: 17/17 MP: 5/5
    36 | D:1      | Reached skill level 2 in Polearms
   513 | D:1      | Reached XP level 2. HP: 23/24 MP: 7/7
   766 | D:1      | Reached skill level 3 in Polearms
  1333 | D:2      | Noticed Terence
  1353 | D:2      | Killed from afar by Terence

Illustrated notes

Levels and vault maps discovered:
D:1:      dpeg_arrival_boxorama, layout_basic, serial_corexii_hall,
          corexii_hall_statues_l, corexii_hall_statues_i,
          hellmonk_ecumenical_altar_heavens_door,
          hangedman_decor_clover_reticule
D:2:      layout_basic, uniq_terence

Skill      XL: |  1  2 |
---------------+-------+-----
Polearms       | 2 3 |  3.1
Fighting       | |  1.8
Throwing       | |  0.8
Armour         | |  0.8
Dodging        | |  1.7
Spellcasting   | |  1.7
Translocations | |  2.6

Action                   || total
-------------------------++-------
Melee: Spear             ||    83
       Punch             ||     1
 Stab: Sleeping          ||     1
Armor: Leather armour    ||    14
Dodge: Dodged            ||    39

Table legend: (Time is in decaauts)
 A = Elapsed time spent in this place.
 B = Non-inter-level travel time spent in this place.
 C = Inter-level travel time spent in this place.
 D = Time resting spent in this place.
 E = Time spent auto-exploring this place.
 F = Levels seen in this place.
 G = Mean time per level.
                   A        B        C        D        E       F      G
               +--------+--------+--------+--------+--------+-----+--------+
         Total |   1349 |   1295 |     54 |    225 |    838 |   2 |  674.5 |
       Dungeon |   1349 |   1295 |     54 |    225 |    838 |   2 |  674.5 |
               +--------+--------+--------+--------+--------+-----+--------+

Top non-repeatable levels by time:
     D:1: 1302 daAuts
     D:2: 47 daAuts
